AoeStats
← patriksodoma

Arabia

507492928Analyzed
2v2 RM · 13d ago on Sep 18, 2026· 54m 27s· 4 players
Game mode
Random Map
Map size
Medium (4 player)
Population
200
Speed
Normal
Resources
Standard
Victory
Conquest
Starting age
Dark Age
Ending age
Imperial Age
RankedLock teamsTeams togetherTeam positionsShared explorationLock speedFull tech treeHidden civsTurbo modeCheats
Victory
Defeat
🇷🇺 Sicilians · Russia
675
+18
🇳🇿 Magyars · New Zealand
623
+19
🇬🇪 Slavs · Georgia
720
-47
🇬🇪 Spanish · Georgia
702
-42
Hello, this is scout!
7:19 Loom
10:58 Feudal Age
11:22 Horse Collar
11:31 Double-Bit Axe
13:55 Stone Mining
23:53 Wheelbarrow
24:52 Scale Mail Armor
25:03 Forging
24:47 Fletching
24:58 Padded Archer Armor
29:04 Castle Age
32:33 Hand Cart
36:07 Stone Shaft Mining
35:22 Gold Mining
35:55 Chain Mail Armor
36:15 Iron Casting
35:36 Bodkin Arrow
36:55 Ballistics
36:34 Murder Holes
36:52 Masonry
38:08 Leather Archer Armor
37:56 Pikeman
38:22 Gambesons
38:38 Squires
38:23 Arson
38:01 Elite Skirmisher
40:39 Heavy Plow
40:54 Bow Saw
43:13 Gold Shaft Mining
46:29 Imperial Age
44:49 First Crusade
47:39 Conscription
46:42 Elite Serjeant
47:32 Hauberk
48:48 Halberdier
51:04 Chemistry
49:49 Arrowslits
50:37 Plate Mail Armor
51:08 Blast Furnace
50:09 Bracer
patriksodoma
2:20 Loom
11:11 Feudal Age
11:44 Double-Bit Axe
11:42 Horse Collar
14:23 Wheelbarrow
17:20 Scale Barding Armor
17:32 Town Watch
19:15 Bloodlines
23:34 Castle Age
22:31 Gold Mining
22:32 Stone Mining
25:14 Gold Shaft Mining
24:59 Hand Cart
25:27 Heavy Plow
26:22 Town Patrol
28:43 Scale Mail Armor
31:58 Bow Saw
33:20 Ballistics
33:29 Crossbowman
34:56 Padded Archer Armor
34:47 Fletching
34:40 Man-at-Arms
35:23 Husbandry
34:44 Light Cavalry
36:52 Thumb Ring
39:30 Imperial Age
37:19 Leather Archer Armor
37:02 Murder Holes
41:06 Parthian Tactics
40:24 Cavalier
43:27 Chain Barding Armor
43:23 Chain Mail Armor
44:46 Two-Man Saw
46:42 Plate Barding Armor
50:07 Chemistry
49:58 Crop Rotation
54:54 Masonry
54:35 Guard Tower
54:26 Treadmill Crane
54:18 Paladin
54:19 Hussar
54:47 Arson
IberieliN
0:48 Loom
16:03 Feudal Age
17:29 Wheelbarrow
16:39 Town Watch
17:30 Double-Bit Axe
17:58 Horse Collar
22:58 Gold Mining
27:22 Castle Age
26:45 Bloodlines
27:30 Scale Barding Armor
28:43 Coinage
28:26 Husbandry
28:11 Light Cavalry
29:11 Hand Cart
29:27 Bow Saw
29:58 Gold Shaft Mining
29:13 Stone Mining
34:22 Town Patrol
35:33 Scale Mail Armor
35:35 Padded Archer Armor
35:26 Fletching
40:43 Devotion
41:04 Sanctity
40:56 Murder Holes
41:11 Fortified Wall
40:52 Guard Tower
41:22 Ballistics
41:13 Masonry
41:14 Clinker Construction
42:50 Bodkin Arrow
43:10 Chain Mail Armor
43:11 Leather Archer Armor
43:16 Chain Barding Armor
43:07 Forging
47:31 Imperial Age
48:16 Heavy Plow
49:19 Two-Man Saw
47:48 Capped Ram
47:50 Onager
47:50 Heavy Scorpion
49:03 Banking
48:34 Caravan
49:03 Careening
49:45 Cavalier
49:46 Hussar
LINXUS
17:12 Feudal Age
17:54 Double-Bit Axe
17:52 Horse Collar
32:16 Castle Age
Connection lost

Rejoining the realm…

Still unreachable

The connection could not be restored.

Session expired

The server has moved on; the page needs a fresh start.